 Dungeon Crawl Stone Soup version 0.31-a0-988-g08d55dae12 (webtiles) character file.

Game seed: 4489314141684083952

40 CrazyBamboolord the Trooper (level 3, 0/40 HPs)
             Began as an Ogre Fighter on Nov 5, 2023.
             Slain by a goblin
             ... wielding a +0 dagger
             ... led by Robin
              (3 damage)
             ... on level 2 of the Dungeon.
             The game lasted 00:00:54 (1283 turns).

CrazyBamboolord the Trooper (Ogre Fighter)          Turns: 1283, Time: 00:00:55

Health: 0/40       AC:  3    Str: 22    XL:     3   Next: 50%
Magic:  3/3        EV:  8    Int:  9    God:
Gold:   49         SH:  7    Dex:  8    Spells: 2/2 levels left

rFire   . . .        a - +0 war axe
rCold   . . .        c - +0 kite shield
rNeg    . . .        b - +0 robe
rPois   .            (helmet restricted)
rElec   .            (no cloak)
rCorr   .            (gloves unavailable)
SInv    .            (boots unavailable)
Will    .....        (no amulet)
Stlth   +            (no ring)
HPRegen 0.26/turn    (no ring)
MPRegen 0.08/turn

%: no passive effects
@: no status effects
A: large, unfitting armour, tough skin 1
a: no special abilities


You were on level 2 of the Dungeon.
You visited 1 branch of the dungeon, and saw 2 of its levels.

You collected 49 gold pieces.

Inventory:

Hand Weapons
 a - a +0 war axe (weapon)
Armour
 b - a +0 robe (worn)
 c - a +0 kite shield (worn)
Jewellery
 e - a ring of ice
 i - an amulet of regeneration
 j - a ring of fire
Scrolls
 f - a scroll of teleportation {unknown}
 h - a scroll of blinking {unknown}
Potions
 d - 2 potions of might
 g - a potion of lignification {unknown}
 k - a potion of cancellation {unknown}


   Skills:
 * Level 4.6 Fighting
 * Level 2.5 Axes
 * Level 3.1 Dodging
 + Level 3.2 Shields


You had 2 spell levels left.
You didn't know any spells.
Your spell library was empty.

Dungeon Overview and Level Annotations

Branches:
Dungeon (2/15)

Altars:

Annotations:
D:2 Robin


Innate Abilities, Weirdness & Mutations

You are too large for most types of armour.
You have tough skin. (AC +1)


Message History

You kill the goblin!
You slash the goblin!
You kill the goblin!
You hit the goblin.
You kill the goblin!
Robin throws the goblin at you! You block the goblin's attack.
The goblin hits you with a +0 dagger. The hobgoblin barely misses you.
You block the goblin's attack.
Things that are here:
a +0 dagger; a goblin corpse You hit Robin but do no damage.
You hit the goblin. You closely miss the goblin. You hit the goblin.
You kill the goblin!
You closely miss the hobgoblin. The goblin hits you with a +0 dagger.
Robin zaps a wand.
The puff of flame hits you! The hobgoblin hits you.
The goblin barely misses you. The goblin completely misses you.
The goblin hits you with a +0 dagger. You block the goblin's attack.
The hobgoblin hits you.
* * * LOW HITPOINT WARNING * * *
You block Robin's attack. The goblin hits you but does no damage.
You block the hobgoblin's attack. Robin throws the goblin at you!
Things that are here:
a +0 club; a goblin corpse Unknown command.
You slash the goblin!
You kill the goblin!
You slash the goblin!
You kill the goblin!
You hit the hobgoblin.
You kill the hobgoblin!
You closely miss the goblin. The goblin hits you but does no damage.
You hit Robin.
Robin is lightly wounded.
You closely miss the goblin. The goblin hits you with a +0 dagger.
* * * LOW HITPOINT WARNING * * *
Robin throws the goblin at you!
Robin zaps a wand.
The puff of flame hits you.
* * * LOW HITPOINT WARNING * * *
The goblin hits you with a +0 dagger.
You die...

......# ... ###.### ####
... #.# #..# .. #.#
#..#.. #.####. #..#.
#...##... #..'
#######...# #..#######
......#...# #)).......
#######...######@g#######
#####.........g..#
##...#............#
..................#
....#.............#
..####............# ###
##############


You could see Robin and a goblin (strong).

Vanquished Creatures
  2 dart slugs (D:1)
  3 endoplasms (D:1)
  2 giant cockroaches
  4 hobgoblins
  3 jackals (D:2)
  A quokka (D:1)
  2 ball pythons (D:1)
  2 bats (D:1)
  A frilled lizard (D:1)
  9 goblins
  2 rats (D:1)
31 creatures vanquished.

Notes
Turn   | Place    | Note
-------+----------+-------------------------------------------
     0 | D:1      | CrazyBamboolord the Ogre Fighter began the quest for the
                  | Orb.
     0 | D:1      | Reached XP level 1. HP: 24/24 MP: 1/1
   113 | D:1      | Reached XP level 2. HP: 28/32 MP: 2/2
  1006 | D:1      | Reached XP level 3. HP: 40/40 MP: 3/3
  1274 | D:2      | Noticed Robin
  1283 | D:2      | Slain by a goblin

Illustrated notes

Levels and vault maps discovered:
D:1:      erik_arrival_triangle_small, layout_basic
D:2:      layout_basic, serial_curves, eino_curves_02, eino_curves_04,
          uniq_terence, uniq_robin

Skill      XL: |  1  2 |
---------------+-------+-----
Dodging        | 3 |  3.1
Fighting       | |  4.6
Axes           | |  2.5
Shields        | |  3.2

Action                     || total
---------------------------++-------
  Melee: War axe           ||    91
 Armour: Robe              ||    81
  Dodge: Dodged            ||    48
  Block: Kite shield       ||    31

Table legend: (Time is in decaauts)
 A = Elapsed time spent in this place.
 B = Non-inter-level travel time spent in this place.
 C = Inter-level travel time spent in this place.
 D = Time resting spent in this place.
 E = Time spent auto-exploring this place.
 F = Levels seen in this place.
 G = Mean time per level.
                   A        B        C        D        E       F      G
               +--------+--------+--------+--------+--------+-----+--------+
         Total |   1330 |   1309 |     21 |      0 |   1083 |   2 |  665.0 |
       Dungeon |   1330 |   1309 |     21 |      0 |   1083 |   2 |  665.0 |
               +--------+--------+--------+--------+--------+-----+--------+

Top non-repeatable levels by time:
     D:1: 1075 daAuts
     D:2: 254 daAuts
